 Dungeon Crawl Stone Soup version 0.29-a0-541-gaf1fc19f1b (webtiles) character file.

Game seed: 11382594935998602951

2490 dolemite99 the Cruncher (level 9, 0/61 HPs)
             Began as a Demonspawn Gladiator on June 3, 2022.
             Was a Priest of Fedhas.
             Slain by a gnoll sergeant
             ... wielding a +2 spear of pain
              (5 damage)
             ... on level 7 of the Dungeon.
             The game lasted 00:09:37 (9027 turns).

dolemite99 the Cruncher (Demonspawn Gladiator)      Turns: 9027, Time: 00:09:37

Health: 0/61       AC: 19    Str: 18    XL:     9   Next: 27%
Magic:  12/15      EV:  1    Int: 10    God:    Fedhas [***...]
Gold:   381        SH:  0    Dex: 15    Spells: 8/8 levels left

rFire   . . .      SeeInvis .   a - +1 lajatang
rCold   . . .      Faith    .   (shield currently unavailable)
rNeg    . . .      Spirit   .   y - +1 crystal plate armour
rPois   .          Reflect  .   (helmet restricted)
rElec   .          Harm     .   (no cloak)
rCorr   .          Rampage  .   (no gloves)
Will    .....                   r - +0 pair of boots
Stlth   ..........              (no amulet)
HPRegen 0.20/turn               (no ring)
MPRegen 0.14/turn               (no ring)

@: no status effects
A: antennae 1, thin metallic scales 2, powered by death 2
a: Renounce Religion, Wall of Briars, Grow Ballistomycete


You were on level 7 of the Dungeon.
You worshipped Fedhas.
Fedhas was most pleased with you.
You visited 1 branch of the dungeon, and saw 7 of its levels.
You also visited: Sewer.

You collected 425 gold pieces.
You spent 44 gold pieces at shops.

Inventory:

Hand Weapons
 a - a +1 lajatang (weapon)
 l - a +1 short sword of draining
 n - a +0 quarterstaff
 B - a +0 hand crossbow
Missiles
 b - 3 atropa-tipped darts
 d - 4 throwing nets (quivered)
 e - a javelin
 g - 283 stones
 A - 17 poisoned darts
Armour
 c - a +0 helmet
 i - a +0 chain mail
 o - a +0 scale mail
 r - a +0 pair of boots (worn)
 s - a +0 plate armour
 y - a +1 crystal plate armour (worn)
Magical Staves
 C - a staff of poison
Jewellery
 t - a ring of ice
 G - a ring of magical power
 J - a ring of ice
Scrolls
 j - 2 scrolls of immolation
 k - 3 scrolls of fear
 E - 2 scrolls of vulnerability
 F - a scroll of amnesia
 H - 2 scrolls of teleportation
Potions
 f - a potion of cancellation
 h - a potion of attraction
 m - a potion of mutation
 p - 2 potions of resistance
 q - 3 potions of curing
 v - a potion of flight
 w - a potion of brilliance {unknown}
 x - a potion of invisibility {unknown}
 z - a potion of might {unknown}
 D - a potion of lignification {unknown}
 I - a potion of magic {unknown}


   Skills:
 - Level 2.0 Fighting
 * Level 10.0 Staves
 - Level 1.7 Throwing
 - Level 2.6 Dodging
 + Level 9.0 Invocations


You had 8 spell levels left.
You didn't know any spells.
Your spell library contained the following spells:

 Spells                   Type           Power      Damage    Failure   Level
 Beastly Appendage        Tmut           0%         N/A       100%        1
 Freeze                   Ice            0%         1d3       100%        1
 Sandblast                Erth           0%         2d4       100%        1
 Passwall                 Tmut/Erth      0%         N/A       100%        2
 Static Discharge         Conj/Air       0%         N/A       100%        2
 Wereblood                Tmut           0%         N/A       100%        2
 Frozen Ramparts          Ice            0%         1d2       100%        3
 Spider Form              Tmut/Pois      0%         N/A       100%        3
 Stone Arrow              Conj/Erth      0%         3d7       100%        3
 Summon Guardian Golem    Hex/Summ       0%         N/A       100%        3
 Airstrike                Air            0%         N/A       100%        4
 Hailstorm                Conj/Ice       0%         3d3       100%        4
 Summon Lightning Spire   Summ/Air       0%         N/A       100%        4
 Lightning Bolt           Conj/Air       0%         1d11      100%        5
 Orb of Destruction       Conj           0%         9d5       100%        7
 Spellforged Servitor     Conj/Summ      0%         N/A       100%        7
 Maxwell's Capacitive Co  Air            0%         ∞         100%        8


Dungeon Overview and Level Annotations

Branches:
Dungeon (7/15)             Temple (0/1) D:6           Sewer (visited)

Altars:
Cheibriados
Fedhas
Hepliaklqana
Sif Muna

Shops:
D:3 *


Innate Abilities, Weirdness & Mutations

You have a pair of small antennae on your head.
You are mostly covered in thin metallic scales. (AC +3)
You regenerate health from kills.


Message History

The gnoll sergeant hits you but does no damage.
You hit the gnoll sergeant but do no damage.
The gnoll sergeant is almost dead.
The gnoll hits you from afar with a +0 halberd.
* * * LOW HITPOINT WARNING * * *
The gnoll sergeant hits you with a +2 spear of pain.
* * * LOW HITPOINT WARNING * * *
You writhe in agony.
* * * LOW HITPOINT WARNING * * *
You hit the gnoll sergeant but do no damage.
The gnoll sergeant is almost dead.
The gnoll sergeant hits you but does no damage.
You writhe in agony.
* * * LOW HITPOINT WARNING * * *
The gnoll hits you but does no damage.
You feel better.
The gnoll sergeant hits you but does no damage.
You writhe in agony.
* * * LOW HITPOINT WARNING * * *
The gnoll hits you but does no damage.
Okay, then.
You closely miss the gnoll sergeant.
The gnoll sergeant is almost dead.
The gnoll sergeant hits you but does no damage.
You writhe in agony.
* * * LOW HITPOINT WARNING * * *
The gnoll hits you but does no damage.
A briar patch grows up from the ground.
The gnoll sergeant hits you but does no damage.
The gnoll hits you from afar with a +0 halberd.
* * * LOW HITPOINT WARNING * * *
You walk carefully through the plants.
The gnoll sergeant attacks as you move away!
The gnoll sergeant hits you with a +2 spear of pain.
* * * LOW HITPOINT WARNING * * *
You writhe in agony.
* * * LOW HITPOINT WARNING * * *
The gnoll sergeant hits you from afar with a +2 spear of pain.
You die...
Fedhas appreciates your contribution to the ecosystem.

......# ###.#
..)...# #.#{
......# #.#
####### #.# #.#
#.# #.#
#.#############
#.....@)ggg....
###############


You could see a gnoll sergeant (ally target) and 2 gnolls.

Vanquished Creatures
  Eustachio (D:4)
  A steam dragon (D:7)
  A water moccasin (D:5)
  Edmund (D:4)
  A black bear (D:6)
  Pargi (Sewer)
  An orc warrior (D:7)
  An ice beast (D:7)
  2 sky beasts
  An ogre (D:7)
  2 centaurs
  A phantom (D:3)
  A kobold brigand (D:7)
  Blork the orc (D:5)
  A bullfrog (D:7)
  2 necrophages
  2 scorpions
  2 gnoll shamans
  3 hounds
  3 jellies (D:5)
  2 orc priests
  Jessica (D:3)
  4 iguanas
  An orc wizard (D:3)
  13 gnolls
  4 adders
  A worm (D:4)
  2 dart slugs
  19 orcs
  6 endoplasms
  4 giant cockroaches
  7 goblins
  5 hobgoblins
  19 kobolds
  7 quokkas
  11 ball pythons
  10 bats
  3 frilled lizards
  3 rats
151 creatures vanquished.

Vanquished Creatures (collateral kills)
  2 orcs (D:5)
  18 ballistomycete spores
20 creatures vanquished.

Grand Total: 171 creatures vanquished

Notes
Turn   | Place    | Note
-------+----------+-------------------------------------------
     0 | D:1      | dolemite99 the Demonspawn Gladiator began the quest for the
                  | Orb.
     0 | D:1      | Reached XP level 1. HP: 16/16 MP: 1/1
   137 | D:1      | Reached skill level 3 in Staves
   178 | D:1      | Gained mutation: You are partially covered in thin metallic
                  | scales. (AC +2) [demonic ancestry]
   178 | D:1      | Reached XP level 2. HP: 20/22 MP: 2/2
   530 | D:1      | Found a faded altar of an unknown god.
   552 | D:1      | Prayed at the altar of an unknown god.
   552 | D:1      | Became a worshipper of Fedhas Madash
   552 | D:1      | Reached * piety under Fedhas
  1079 | D:2      | Gained mutation: You are mostly covered in thin metallic
                  | scales. (AC +3) [demonic ancestry]
  1079 | D:2      | Reached XP level 3. HP: 24/27 MP: 3/3
  1192 | D:2      | Reached skill level 4 in Staves
  1680 | D:2      | Found a shimmering blue altar of Sif Muna.
  2152 | D:3      | Found Ilit Xiur's General Store.
  2160 | D:3      | Bought a scroll of identify for 22 gold pieces
  2164 | D:3      | Bought a scroll of identify for 22 gold pieces
  2206 | D:3      | Reached ** piety under Fedhas
  2209 | D:3      | Reached XP level 4. HP: 33/33 MP: 4/4
  2218 | D:3      | Reached skill level 5 in Staves
  2259 | D:3      | Found a glowing drain.
  2275 | Sewer    | Entered a sewer
  2364 | Sewer    | Noticed Pargi
  2377 | Sewer    | Killed Pargi
  2378 | Sewer    | Reached XP level 5. HP: 14/38 MP: 5/5
  2921 | D:3      | Noticed Jessica
  2926 | D:3      | Killed Jessica
  2927 | D:3      | Reached skill level 6 in Staves
  3379 | D:3      | Noticed a phantom
  3399 | D:3      | Killed a phantom
  3400 | D:3      | Gained mutation: You regenerate a little health from kills.
                  | [demonic ancestry]
  3400 | D:3      | Reached XP level 6. HP: 37/44 MP: 6/6
  3560 | D:3      | Noticed a sky beast
  3583 | D:3      | Killed a sky beast
  3703 | D:3      | Reached skill level 7 in Staves
  4025 | D:4      | Noticed Edmund
  4034 | D:4      | Killed Edmund
  4035 | D:4      | Gained mutation: You have a pair of small antennae on your
                  | head. [demonic ancestry]
  4035 | D:4      | Reached XP level 7. HP: 50/50 MP: 7/7
  4044 | D:4      | Reached *** piety under Fedhas
  4459 | D:4      | Noticed Eustachio
  4479 | D:4      | Killed Eustachio
  5149 | D:4      | Found a shimmering blue altar of Sif Muna.
  5280 | D:5      | Entered Level 5 of the Dungeon
  5294 | D:4      | Reached skill level 5 in Invocations
  5606 | D:5      | Found a blossoming altar of Fedhas.
  5626 | D:5      | Noticed Blork the orc
  5635 | D:5      | Killed Blork the orc
  5636 | D:5      | Gained mutation: You regenerate health from kills. [demonic
                  | ancestry]
  5636 | D:5      | Reached XP level 8. HP: 42/56 MP: 12/12
  6272 | D:5      | Found a large runed translucent door.
  6273 | D:5      | Found a large runed translucent door.
  6285 | D:5      | Found a hazy altar of Hepliaklqana.
  6398 | D:5      | Found a snail-covered altar of Cheibriados.
  6405 | D:5      | Reached skill level 8 in Staves
  6558 | D:5      | Reached **** piety under Fedhas
  7828 | D:6      | Found a staircase to the Ecumenical Temple.
  7830 | D:6      | You fall into a shaft and drop 1 floor!
  7845 | D:7      | Reached skill level 9 in Staves
  8055 | D:7      | Reached XP level 9. HP: 25/61 MP: 10/15
  8866 | D:7      | Reached skill level 10 in Staves
  9027 | D:7      | Slain by a gnoll sergeant

Illustrated notes

Levels and vault maps discovered:
D:1:      roderic_chinese_lattice_arrival, layout_basic,
          hellmonk_ecumenical_altar_blasted
D:2:      layout_basic, basic_altar
D:3:      layout_loops_ring, gup_sewer_entry_pipe, serial_shops, shop,
          minmay_divided_ellipse, uniq_jessica
D:4:      layout_rooms, nicolae_sif_muna_little_library, minivault_26,
          minivault_19, uniq_edmund, uniq_eustachio
D:5:      minmay_diamond_boxcup, layout_layer_cave,
          mainiacjoe_overflow_concentric_impassable, jmf_multi_god_temple2,
          hangedman_decor_opposing, uniq_blork_the_orc
D:6:      layout_basic, minmay_temple_entry_glass
D:7:      layout_basic

Skill      XL: |  1  2  3  4  5  6  7  8  9 |
---------------+----------------------------+-----
Staves         | 3 4 5 6 7 9 10 | 10.0
Invocations    | 6 8 9 |  9.0
Fighting       | |  2.0
Throwing       | |  1.7
Dodging        | |  2.6

Action                   |  1- 3 |  4- 6 |  7- 9 || total
-------------------------+-------+-------+-------++-------
Melee: Quarterstaff      |    33 |       |       ||    33
       Lajatang          |    68 |   152 |   192 ||   412
Invok: Grow Ballistomyce |       |       |     6 ||     6
       Wall of Briars    |       |       |     2 ||     2
  Use: Scroll            |     5 |     4 |     8 ||    17
       Potion            |       |     1 |     3 ||     4
Armor: Leather armour    |    14 |       |       ||    14
       Ring mail         |    14 |       |       ||    14
       Scale mail        |    21 |    73 |       ||    94
       Plate armour      |       |    56 |   115 ||   171
       Crystal plate arm |       |       |    82 ||    82
Dodge: Dodged            |    57 |    83 |    44 ||   184

Table legend: (Time is in decaauts)
 A = Elapsed time spent in this place.
 B = Non-inter-level travel time spent in this place.
 C = Inter-level travel time spent in this place.
 D = Time resting spent in this place.
 E = Time spent auto-exploring this place.
 F = Levels seen in this place.
 G = Mean time per level.
                   A        B        C        D        E       F      G
               +--------+--------+--------+--------+--------+-----+--------+
         Total |   9077 |   8821 |    256 |   3670 |   3391 |   8 | 1134.6 |
       Dungeon |   8518 |   8262 |    256 |   3276 |   3315 |   7 | 1216.9 |
         Sewer |    558 |    558 |      0 |    394 |     76 |   1 |  558.0 |
               +--------+--------+--------+--------+--------+-----+--------+

Top non-repeatable levels by time:
     D:5: 2229 daAuts
     D:3: 1707 daAuts
     D:7: 1190 daAuts
     D:4: 1172 daAuts
     D:1: 1067 daAuts
     D:2: 949 daAuts
   Sewer: 558 daAuts
     D:6: 201 daAuts
